 Dungeon Crawl Stone Soup version 0.17.1-3-g152610e (webtiles) character file.

13770 inmateoo the Arsonist (level 11, -12/72 HPs)
             Began as a Deep Elf Fire Elementalist on Feb 22, 2016.
             Was a High Priest of Cheibriados.
             Mangled by Urug
             ... wielding a +0 battleaxe
              (25 damage)
             ... on level 1 of the Orcish Mines.
             The game lasted 00:26:06 (10962 turns).

inmateoo the Arsonist (Deep Elf Fire Elementalist) Turns: 10962, Time: 00:26:06

Health: -12/72     AC: 12    Str: 20    XL:     11   Next: 79%
Magic:  9/26       EV: 21    Int: 35    God:    Cheibriados [*****.]
Gold:   234        SH:  0    Dex: 28    Spells: 7 memorised, 7 levels left

rFire  . . .     SeeInvis .     o - +4 whip (venom)
rCold  + . .     Clarity  .     y - +0 troll leather armour
rNeg   . . .     SustAt   +     (no shield)
rPois  .         Gourm    .     L - +0 helmet
rElec  .         Spirit   .     D - +1 cloak
rCorr  .         Warding  .     C - +1 pair of gloves
rMut   .         Stasis   .     a - +1 pair of boots {Stlth+}
MR     ++...                    (no amulet)
Stlth  ++++++....               p - ring of protection from cold
                                k - ring of sustain attributes

@: very slow, very resistant to hostile enchantments, very stealthy
A: rugged brown scales 1, magic resistance 1, robust 1, MP-powered wands
a: Bend Time, Temporal Distortion, Slouch, Step From Time, Renounce Religion


You were on level 1 of the Orcish Mines.
You worshipped Cheibriados.
Cheibriados was extremely pleased with you.
You were not hungry.

You visited 3 branches of the dungeon, and saw 13 of its levels.
You also visited: Volcano.

You collected 704 gold pieces.
You spent 470 gold pieces at shops.

Inventory:

Hand Weapons
 o - a +4 whip of venom (weapon)
 J - a +0 whip of electrocution
 O - a +0 great mace of flaming
Armour
 a - a +1 pair of boots of stealth (worn)
 j - a +0 pair of gloves
 y - a +0 troll leather armour (worn)
 C - a +1 pair of gloves (worn)
 D - a +1 cloak (worn)
 L - a +0 helmet (worn)
Magical Staves
 m - an uncursed staff of conjuration
Jewellery
 d - an uncursed ring of positive energy
 k - a ring of sustain attributes (left hand)
 p - a ring of protection from cold (right hand)
 u - an uncursed ring of invisibility
 F - an uncursed ring of flight
Wands
 e - a wand of slowing (48)
 r - a wand of cold (9)
 x - a wand of teleportation (4)
 K - a wand of fireball (3)
Scrolls
 b - a scroll of fog
 f - 2 scrolls of amnesia
 g - a scroll of enchant armour
 l - 3 scrolls of teleportation
 v - 2 scrolls of recharging
 H - 3 scrolls of remove curse
 I - a scroll of identify
Potions
 h - 7 potions of curing
 i - a potion of heal wounds
 q - 4 potions of brilliance
 s - 5 potions of flight
 w - 5 potions of agility
 z - a potion of cure mutation
 B - a potion of magic
 E - 4 potions of might
 G - a potion of lignification
 M - a potion of invisibility
 N - a potion of berserk rage {unknown}
Comestibles
 c - 7 bread rations
 n - 5 beef jerkies
 t - 6 meat rations
 A - 13 fruits
 P - 2 chunks of flesh


   Skills:
 + Level 5.9 Fighting
 * Level 2.5 Maces & Flails
 + Level 2.0 Armour
 - Level 8.0 Dodging
 - Level 8.6 Stealth
 + Level 9.9 Spellcasting
 + Level 7.4 Conjurations
 + Level 2.5 Translocations
 * Level 11.0 Fire Magic
 * Level 4.6 Invocations


You had 7 spell levels left.
You knew the following spells:

 Your Spells              Type           Power        Failure   Level  Hunger
a - Flame Tongue          Conj/Fire      #####        1%          1    None
b - Throw Flame           Conj/Fire      ######       1%          2    None
c - Conjure Flame         Conj/Fire      ######..     1%          3    None
d - Sticky Flame          Conj/Fire      ######..     1%          4    None
e - Fireball              Conj/Fire      ######....   1%          5    ##.....
f - Passage of Golubria   Tloc           N/A          12%         4    None
g - Regeneration          Chrm/Necr      ###.......   12%         3    None


Dungeon Overview and Level Annotations

Branches:
Dungeon (11/15)            Temple (1/1) D:5            Lair (0/8) D:8
    Orc (1/4) D:10

Altars:
Ashenzari
Cheibriados
Dithmenos
Elyvilon
Fedhas
Gozag
Kikubaaqudgha
Makhleb
Nemelex Xobeh
Okawaru
Qazlal
Ru
Sif Muna
Trog
Vehumet
Xom
Yredelemnul
Zin
The Shining One
Beogh

Shops:
D:6 !   D:9 :((?   D:11 [

Annotations:
D:11 inmateoo's ghost, journeyman HEBe
Orc:1 Urug


Innate Abilities, Weirdness & Mutations

You are partially covered in rugged brown scales (AC +1, +3% HP).
You are resistant to hostile enchantments.
You are robust (+10% HP).
You expend magic power (3 MP) to strengthen your wands.


Message History

The flame tongue hits Urug.
Urug appears unharmed.
Urug is heavily wounded.
Urug burns!
Urug misses you.
You hit Urug.
Urug is poisoned.
Urug is severely wounded.
Urug burns!
Urug misses you.
You completely miss Urug.
Urug is severely wounded.
Urug burns!
You hit Urug.
Urug looks even sicker.
Urug is severely wounded.
Urug burns!
Urug hits you with a battleaxe!
You hit Urug.
Urug looks even sicker.
Urug is almost dead.
Urug burns!
Urug hits you with a battleaxe!
* * * LOW HITPOINT WARNING * * *
Read which item? (? for menu, Esc to quit)
Okay, then.
You fail to use your ability.
Urug burns!
Urug hits you with a battleaxe!!
You die...

... #.#.... .#...##
##..... ......# #......
###.......####.##..
##.#........####.### #
#.........>...##....
##.#.....##............
#.....o..# #...[......
#....@.######.......#.
###......#....)...####
##..........##.###.#
##..(......#.#.###..
#..........##..##...
#............##.##.#.
##.##.......######..#
## ###.#..##.## #..#
#.#......# #...


You could see Urug (burning).

Vanquished Creatures
  Erolcha (Volcano)
  2 hill giants
  Pikel (D:5)
  The ghost of bollicks1999 the Covered, a novice MiFi (D:5)
  A gargoyle (D:10)
  A troll (D:8)
  5 two-headed ogres
  11 yaks
  3 hippogriffs
  A hungry ghost (D:11)
  A water moccasin (D:10)
  4 ice beasts
  4 phantoms
  A black bear (D:9)
  6 ogres
  4 orc warriors
  2 wasps
  6 sky beasts
  8 centaurs
  A necrophage (D:10)
  14 big kobolds (D:8)
  A water moccasin zombie (D:8)
  2 giant frogs
  A wyvern skeleton (D:10)
  9 killer bees
  6 scorpions
  15 wights
  7 crimson imps
  3 electric eels (D:8)
  8 hounds
  3 jellies
  An iguana (D:9)
  Crazy Yiuf (D:5)
  5 orc priests
  6 orc wizards
  A centaur skeleton (D:10)
  Natasha (thrice) (D:2)
  6 worker ants
  A hound zombie (D:7)
  3 hound skeletons
  A worker ant zombie (D:11)
  10 adders
  12 gnolls
  3 shadow imps
  5 oozes
  3 worms (D:2)
  An adder skeleton (D:7)
  2 giant geckos
  49 orcs
  9 bats
  8 giant cockroaches
  9 goblins
  12 hobgoblins
  14 jackals
  29 kobolds
  7 quokkas
  2 ball pythons
  A giant gecko skeleton (D:8)
  6 giant newts
  8 rats
351 creatures vanquished.

Vanquished Creatures (others)
  A slave (D:5)
  2 scorpions (D:5)
  A worker ant (D:5)
  An orc (D:5)
  A quokka (D:5)
  A fungus (D:4)
7 creatures vanquished.

Grand Total: 358 creatures vanquished

Notes
Turn   | Place    | Note
--------------------------------------------------------------
     0 | D:1      | inmateoo the Deep Elf Fire Elementalist began the quest for the Orb.
     0 | D:1      | Reached XP level 1. HP: 10/10 MP: 6/6
    75 | D:1      | Reached XP level 2. HP: 10/15 MP: 0/8
   182 | D:1      | Learned a level 2 spell: Throw Flame
   440 | D:1      | Reached XP level 3. HP: 19/19 MP: 5/9
   775 | D:2      | Found a basalt altar of Yredelemnul.
   792 | D:2      | Reached skill level 4 in Fire Magic
   803 | D:2      | Learned a level 3 spell: Conjure Flame
   879 | D:2      | Noticed Natasha
  1061 | D:2      | Found a faded altar to an unknown god.
  1068 | D:2      | Reached XP level 4. HP: 24/24 MP: 3/11
  1131 | D:2      | Learned a level 4 spell: Sticky Flame
  1187 | D:2      | Killed Natasha
  1199 | D:2      | Noticed Natasha
  1203 | D:2      | Killed Natasha
  1460 | D:2      | Noticed Natasha
  1465 | D:2      | Killed Natasha
  1560 | D:3      | Reached XP level 5. HP: 28/28 MP: 9/13
  2177 | D:3      | Noticed a giant frog
  2598 | D:4      | Noticed a phantom
  2614 | D:4      | Killed a phantom
  2889 | D:4      | Reached XP level 6. HP: 33/33 MP: 9/14
  2890 | D:4      | Reached skill level 5 in Fire Magic
  2897 | D:4      | Reached skill level 1 in Fighting
  3068 | D:4      | Reached skill level 5 in Spellcasting
  3068 | D:4      | Reached XP level 7. HP: 38/38 MP: 10/16
  3480 | D:5      | Entered Level 5 of the Dungeon
  3532 | D:5      | Noticed Pikel
  3546 | D:5      | Killed Pikel
  3546 | D:5      | Reached skill level 5 in Dodging
  3546 | D:5      | Reached skill level 6 in Fire Magic
  3546 | D:5      | Reached XP level 8. HP: 41/44 MP: 2/18
  3740 | D:5      | Reached skill level 5 in Stealth
  3788 | D:5      | Noticed Crazy Yiuf
  3797 | D:5      | Killed Crazy Yiuf
  3962 | D:5      | Gained mutation: You expend magic power (3 MP) to strengthen your wands. [mutagenic meat]
  3963 | D:5      | Gained mutation: Your flesh is cold resistant. [mutagenic meat]
  3964 | D:5      | Gained mutation: You are robust (+10% HP). [mutagenic meat]
  3965 | D:5      | Gained mutation: Armour fits poorly on your strangely shaped body. [mutagenic meat]
  4000 | D:5      | Found a blossoming altar of Fedhas.
  4000 | D:5      | Found an iron altar of Okawaru.
  4067 | D:5      | Noticed bollicks1999's ghost (novice MiFi)
  4309 | D:5      | Killed bollicks1999's ghost
  4309 | D:5      | Reached skill level 7 in Fire Magic
  4461 | D:5      | Reached skill level 5 in Conjurations
  4738 | D:5      | Found a staircase to the Ecumenical Temple.
  4801 | Temple   | Entered the Ecumenical Temple
  4891 | Temple   | Became a worshipper of Cheibriados the Contemplative
  4977 | D:6      | Reached XP level 9. HP: 55/55 MP: 16/21
  5118 | D:6      | Learned a level 5 spell: Fireball
  5564 | D:6      | Found Duus's Distillery.
  5572 | D:6      | Bought a potion of might for 40 gold pieces
  5572 | D:6      | Bought a potion of lignification for 30 gold pieces
  5707 | D:7      | Reached skill level 8 in Fire Magic
  6250 | D:7      | Reached * piety under Cheibriados
  6584 | D:7      | Found a burning altar of Makhleb.
  6585 | D:7      | Noticed a balrug
  6687 | D:8      | Reached ** piety under Cheibriados
  6799 | D:8      | Reached skill level 9 in Fire Magic
  6962 | D:8      | Identified a scroll of acquirement
  7075 | D:8      | Found a burning altar of Makhleb.
  7086 | D:8      | Reached XP level 10. HP: 50/61 MP: 13/23
  7090 | D:8      | Found a white marble altar of Elyvilon.
  7090 | D:8      | Found a shadowy altar of Dithmenos.
  7103 | D:8      | Found a deep blue altar of Sif Muna.
  7265 | D:8      | Found a staircase to the Lair.
  7325 | D:8      | Reached *** piety under Cheibriados
  7794 | D:8      | Reached **** piety under Cheibriados
  8047 | D:9      | Reached ***** piety under Cheibriados
  8129 | D:9      | Found Ovuzuivy's Weapon Emporium.
  8135 | D:9      | Learned a level 4 spell: Passage of Golubria
  8218 | D:9      | Reached skill level 5 in Fighting
  8229 | D:9      | Reached skill level 10 in Fire Magic
  8429 | D:9      | Found a radiant altar of Vehumet.
  8474 | D:9      | Found Ohunwiad's Antique Weapon Shoppe.
  8509 | D:9      | Reached skill level 1 in Invocations
  8527 | D:9      | Found Rophupiac's Book Shoppe.
  8534 | D:9      | Bought a book of Necromancy for 330 gold pieces
  8538 | D:9      | Learned a level 3 spell: Regeneration
  8652 | D:9      | Found Ottaostra's Magic Scroll Shop.
  8655 | D:9      | Bought a scroll of teleportation for 42 gold pieces
  8655 | D:9      | Bought a scroll of identify for 28 gold pieces
  8656 | D:9      | Gained mutation: You are resistant to hostile enchantments. [potion of mutation]
  8656 | D:9      | Gained mutation: You are partially covered in rugged brown scales (AC +1, +3% HP). [potion of mutation]
  8782 | D:10     | Entered Level 10 of the Dungeon
  8800 | D:10     | Gained mutation: Your magical capacity is low (-10% MP). [mutagenic meat]
  8801 | D:10     | Gained mutation: You are occasionally teleported next to monsters. [mutagenic meat]
  8809 | D:10     | Found a staircase to the Orcish Mines.
  8815 | D:10     | Reached XP level 11. HP: 62/72 MP: 7/23
  8883 | D:10     | Lost mutation: You are occasionally teleported next to monsters. [potion of cure mutation]
  8883 | D:10     | Lost mutation: Your flesh is cold resistant. [potion of cure mutation]
  8883 | D:10     | Lost mutation: Your magical capacity is low (-10% MP). [potion of cure mutation]
  8883 | D:10     | Lost mutation: Armour fits poorly on your strangely shaped body. [potion of cure mutation]
  9197 | D:10     | Noticed a hill giant
  9215 | D:10     | Killed a hill giant
  9215 | D:10     | Reached skill level 1 in Maces & Flails
  9215 | D:10     | Reached skill level 1 in Translocations
  9872 | D:10     | Reached skill level 1 in Armour
 10043 | D:11     | Found Biczuymo's Armour Shop.
 10179 | D:11     | Noticed inmateoo's ghost (journeyman HEBe)
 10355 | Orc:1    | Entered Level 1 of the Orcish Mines
 10434 | Orc:1    | Found a roughly hewn altar of Beogh.
 10678 | Orc:1    | Found a dark tunnel.
 10683 | Volcano  | Entered a volcano
 10741 | Volcano  | Noticed a hill giant
 10755 | Volcano  | Killed a hill giant
 10797 | Volcano  | Noticed Erolcha
 10829 | Volcano  | Killed Erolcha
 10829 | Volcano  | Reached skill level 11 in Fire Magic
 10940 | Orc:1    | Noticed Urug
 10962 | Orc:1    | Mangled by Urug

Action                   |  1- 3 |  4- 6 |  7- 9 | 10-12 || total
-------------------------+-------+-------+-------+-------++-------
Melee: Unarmed           |     6 |       |       |       ||     6
       Whip              |       |       |   120 |   219 ||   339
 Cast: Flame Tongue      |    78 |   118 |   226 |   341 ||   763
       Conjure Flame     |       |     3 |    10 |    13 ||    26
       Sticky Flame      |       |       |     7 |    18 ||    25
       Fireball          |       |       |     1 |    11 ||    12
       Regeneration      |       |       |       |     1 ||     1
       Passage of Golubr |       |       |       |     1 ||     1
Invok: Slouch            |       |       |       |     4 ||     4
  Use: Scroll            |       |    10 |    11 |     7 ||    28
       Potion            |       |       |       |     3 ||     3
 Stab: Sleeping          |       |       |     4 |     5 ||     9
       Distracted        |       |       |     1 |       ||     1
  Eat: Chunk             |       |     6 |    16 |    11 ||    33
       Fruit             |       |       |     1 |       ||     1
       Beef jerky        |       |       |       |     1 ||     1
